 Dungeon Crawl Stone Soup version 0.28-b1-25-g9875b3fc8c (webtiles) character file.

Game seed: 14695378038681793187

22100 LLlMATKO the Fighter (level 12, -17/168 HPs)
             Began as a Minotaur Berserker on Jan 31, 2022.
             Was a High Priest of Trog.
             Demolished by Frances (23 damage)
             ... on level 13 of the Dungeon.
             The game lasted 00:18:34 (13467 turns).

LLlMATKO the Fighter (Minotaur Berserker)          Turns: 13467, Time: 00:18:34

Health: -17/168    AC: 15    Str: 22    XL:     12   Next: 60%
Magic:  11/11      EV: 15    Int:  4    God:    Trog [*****.]
Gold:   720        SH:  5    Dex: 15    Spells: 11/11 levels left

rFire   + . .      SeeInvis .   F - +5 battleaxe (freeze)
rCold   . . .      Faith    .   (shield currently unavailable)
rNeg    . . .      Spirit   .   z - +1 scale mail of Conscience {Rampage rF+ Regen+}
rPois   +          Reflect  +   (helmet restricted)
rElec   .          Harm     .   y - +0 cloak
rCorr   .          Rampage  +   u - +2 pair of gloves
Will    .....                   (no boots)
Stlth   ..........              n - amulet of reflection
HPRegen 1.18/turn               s - ring of poison resistance
MPRegen 0.12/turn               Q - ring of flight

@: berserking (expiring), flying, very quick
A: horns 2, retaliatory headbutt
a: Renounce Religion, Berserk, Trog's Hand, Brothers in Arms


You were on level 13 of the Dungeon.
You worshipped Trog.
Trog was extremely pleased with you.
You visited 2 branches of the dungeon, and saw 14 of its levels.
You visited the Abyss 1 time.
You also visited: Bailey.

You collected 720 gold pieces.

Inventory:

Hand Weapons
 b - a +0 scythe
 g - a +0 arbalest
 E - a +0 war axe
 F - a +5 battleaxe of freezing (weapon)
Missiles
 h - 19 poisoned darts (quivered)
 v - 337 bolts
 w - 5 javelins
Armour
 t - a +0 kite shield
 u - a +2 pair of gloves (worn)
 y - a +0 cloak (worn)
 z - the +1 scale mail of Conscience (worn) {Rampage rF+ Regen+}
   (You found it on level 6 of the Dungeon)

   rF:        It protects you from fire.
   Regen:     It increases your rate of health regeneration.
   Rampage:   It bestows one free step when moving towards enemies.
 M - a +0 plate armour
Jewellery
 n - an amulet of reflection (around neck)
 s - a ring of poison resistance (left hand)
 K - a ring of fire
 L - an amulet of guardian spirit
 O - a +4 ring of protection
 Q - a ring of flight (right hand)
Wands
 x - a wand of mindburst (18)
 H - a wand of iceblast (6)
 I - a wand of flame (33)
Scrolls
 c - 15 scrolls of identify
 e - a scroll of noise
 m - 2 scrolls of amnesia
 o - a scroll of vulnerability
 p - 2 scrolls of immolation
 q - a scroll of magic mapping
 r - 7 scrolls of enchant weapon {unknown}
 B - a scroll of summoning {unknown}
 C - a scroll of teleportation {unknown}
 N - a scroll of enchant armour
 P - 2 scrolls of fear {unknown}
Potions
 a - 2 potions of brilliance {unknown}
 d - 5 potions of curing
 f - 5 potions of haste {unknown}
 i - 4 potions of degeneration {unknown}
 j - 4 potions of mutation {unknown}
 k - 3 potions of attraction {unknown}
 l - a potion of experience
 A - 3 potions of might {unknown}
 D - 3 potions of flight {unknown}
 G - 3 potions of heal wounds
 J - a potion of resistance {unknown}
 R - a potion of invisibility {unknown}
 S - a potion of lignification {unknown}


   Skills:
 + Level 11.8 Fighting
 + Level 11.7 Axes
 + Level 6.7 Crossbows
 + Level 11.4 Armour
 + Level 10.5 Dodging
 + Level 10.2 Shields


You had 11 spell levels left.
You didn't know any spells.
Your spell library was empty.

Dungeon Overview and Level Annotations

Branches:
Dungeon (13/15)            Temple (1/1) D:6            Lair (0/6) D:9
    Orc (0/2) D:11         Bailey (visited)
 Vaults: D:13-14

Altars:
Cheibriados
Dithmenos
Fedhas
Kikubaaqudgha
Nemelex Xobeh
Qazlal
Sif Muna
Trog
Vehumet
Wu Jian
Xom
Yredelemnul
The Shining One
Beogh

Shops:
D:6 (   D:8 ==[

Annotations:
D:13 Frances, Rupert


Innate Abilities, Weirdness & Mutations

You have a pair of horns on your head.
You reflexively headbutt those who attack you in melee.


Message History

Rupert is heavily wounded.
Rupert closely misses you.
You hit Rupert but do no damage.
Rupert is heavily wounded.
Rupert closely misses you. You furiously retaliate!
You headbutt Rupert! You closely miss Rupert.
Rupert is severely wounded.
Rupert hits you with a +0 great mace of protection!
Rupert hits you with a +0 great mace of protection!!
* * * LOW HITPOINT WARNING * * *
You closely miss Rupert.
Rupert is severely wounded.
You block Rupert's attack.
You slice Rupert!! You freeze Rupert. Your headbutt misses Rupert.
Rupert is severely wounded.
Rupert barely misses you.
You slice Rupert!! You freeze Rupert.
Rupert is almost dead.
You slash Frances! You freeze Frances. You block Rupert's attack.
You are too berserk!
You hit Rupert but do no damage. Your headbutt misses Rupert.
Rupert is almost dead.
You slash Frances! You freeze Frances.
Frances chants phrases taken from a devil's mouth.
The shard of ice misses you. You block Rupert's attack.
You closely miss Rupert.
Rupert is almost dead.
You slash the orc knight! You freeze the orc knight. You hit Frances.
You freeze Frances.
Rupert hits you with a +0 great mace of protection!!
* * * LOW HITPOINT WARNING * * *
Frances whispers indecipherable words.
You slash Rupert! You freeze Rupert. You headbutt Rupert!
Rupert is almost dead.
You barely miss Frances.
You hit the orc knight but do no damage.
The orc knight hits you with a +0 battleaxe.
* * * LOW HITPOINT WARNING * * *
Rupert misses you. Frances hits you with a +0 long sword!!
You die...

##..##.#........#
##..#..........##.
##.##.#..........
########.##.###.....##..
......†..##†###..###....
..........#††...........
.............###.####...
..........#.## #^#
..........@@# #..
........#.o@3...##.
........##.4###.....
##########... ## ##^#
##$.. .. #.#.. ## #.##.#
... .#


You could see Frances, Rupert (berserk), an orc knight, an orange demon
(summoned) and a ynoxinul (summoned).

Vanquished Creatures
  Kirke (D:12)
  Snorg (D:11)
  Erolcha (D:9)
  A hydra (D:12)
  3 boulder beetles
  A two-headed ogre (D:11)
  Nergalle (D:12)
  2 orc knights (Bailey)
  An ugly thing (D:12)
  A cyclops (D:12)
  A gargoyle (D:11)
  2 unseen horrors
  A yaktaur (shapeshifter) (D:10)
  4 trolls
  3 slime creatures (D:12)
  3 shadows
  A wraith (D:11)
  15 yaks
  Sigmund (D:2)
  3 hogs (D:12)
  A wyvern (D:9)
  Grum (D:8)
  A human (D:13)
  7 vampire mosquitoes
  2 water moccasins (D:8)
  An ice beast (D:7)
  18 orc warriors
  3 sky beasts
  4 ogres
  5 centaurs (D:12)
  A necrophage (D:5)
  2 wolves (D:8)
  A phantom (D:11)
  A kobold brigand (D:11)
  3 bullfrogs
  2 gnoll sergeants
  2 troll zombies (D:11)
  15 wights
  A howler monkey (D:12)
  4 crimson imps (D:10)
  A bullfrog zombie (D:5)
  5 centaur zombies
  2 gnoll shamans
  A jelly (D:6)
  A centaur skeleton (D:7)
  4 orc priests
  5 hounds
  An iron imp (D:3)
  A bullfrog skeleton (D:4)
  Natasha (thrice) (D:2)
  7 iguanas
  6 orc wizards
  6 ogre zombies (D:11)
  A hound skeleton (D:4)
  2 howler monkey zombies (D:9)
  19 gnolls
  7 adders
  A shadow imp (D:5)
  A white imp (D:7)
  6 worms
  5 dart slugs
  44 orcs
  10 ball pythons
  3 bats
  3 endoplasms
  7 giant cockroaches
  8 goblins
  10 hobgoblins
  7 jackals
  3 quokkas (D:1)
  4 frilled lizards (D:1)
  A goblin skeleton (D:11)
  5 goblin zombies (D:11)
  3 hobgoblin skeletons (D:11)
  3 hobgoblin zombies (D:11)
  11 kobolds
  2 orc skeletons (D:11)
  11 orc zombies (D:11)
  6 rats
348 creatures vanquished.

Vanquished Creatures (collateral kills)
  Jorgrun (D:12)
1 creature vanquished.

Vanquished Creatures (others)
  An orc wizard (D:5)
  2 fungi (D:8)
  10 plants
13 creatures vanquished.

Grand Total: 362 creatures vanquished

Notes
Turn   | Place    | Note
-------+----------+-------------------------------------------
     0 | D:1      | LLlMATKO the Minotaur Berserker began the quest for the
                  | Orb.
     0 | D:1      | Reached XP level 1. HP: 19/19 MP: 0/0
   137 | D:1      | Reached XP level 2. HP: 27/27 MP: 1/1
   679 | D:1      | Found a faded altar of an unknown god.
   849 | D:1      | Reached XP level 3. HP: 30/33 MP: 2/2
   916 | D:1      | Reached ** piety under Trog
  1356 | D:2      | Noticed Sigmund
  1362 | D:2      | Killed Sigmund
  1363 | D:2      | Reached XP level 4. HP: 41/41 MP: 3/3
  1363 | D:2      | Reached XP level 5. HP: 47/47 MP: 4/4
  1669 | D:2      | Reached skill level 5 in Fighting
  1669 | D:2      | Reached skill level 5 in Axes
  1816 | D:2      | Found a snail-covered altar of Cheibriados.
  1952 | D:2      | Reached XP level 6. HP: 55/56 MP: 5/5
  2015 | D:2      | Noticed Natasha
  2019 | D:2      | Killed Natasha
  2356 | D:2      | Noticed Natasha
  2360 | D:2      | Killed Natasha
  2364 | D:2      | Noticed Natasha
  2372 | D:2      | Killed Natasha
  2906 | D:2      | Found a snail-covered altar of Cheibriados.
  3454 | D:3      | Found a snail-covered altar of Cheibriados.
  3530 | D:3      | Found a glowing golden altar of the Shining One.
  3591 | D:3      | Found an ornate altar of the Wu Jian Council.
  3681 | D:3      | Found an ancient bone altar of Kikubaaqudgha.
  3726 | D:3      | Found a sparkling altar of Nemelex Xobeh.
  3981 | D:4      | Reached *** piety under Trog
  4114 | D:4      | Reached XP level 7. HP: 56/62 MP: 6/6
  4116 | D:4      | Reached skill level 5 in Armour
  4302 | D:4      | Reached skill level 1 in Shields
  4354 | D:4      | Reached skill level 5 in Dodging
  4800 | D:5      | Entered Level 5 of the Dungeon
  5030 | D:5      | Reached XP level 8. HP: 66/71 MP: 7/7
  5218 | D:5      | Found a basalt altar of Yredelemnul.
  5338 | D:5      | Found a shimmering blue altar of Sif Muna.
  6066 | D:6      | Identified the +1 scale mail of Conscience {Rampage rF+
                  | Regen+}
  6142 | D:6      | Found Pusheaf's Weapon Shop.
  6169 | D:6      | Found a staircase to the Ecumenical Temple.
  6193 | Temple   | Entered the Ecumenical Temple
  6772 | D:6      | Noticed a moth of wrath
  6775 | D:6      | Found a bloodstained altar of Trog.
  7169 | D:7      | Reached XP level 9. HP: 78/79 MP: 8/8
  7217 | D:7      | Reached **** piety under Trog
  7253 | D:7      | Found a radiant altar of Vehumet.
  7673 | D:7      | Reached skill level 5 in Shields
  7790 | D:8      | Found a stormy altar of Qazlal.
  7790 | D:8      | Found a blossoming altar of Fedhas.
  7873 | D:8      | Found Zoqy's Jewellery Emporium.
  7903 | D:8      | Noticed Grum
  7911 | D:8      | Killed Grum
  8115 | D:8      | Found Vatata's Jewellery Emporium.
  8134 | D:8      | Found Dimadgh's Antique Armour Emporium.
  8293 | D:8      | Found Wuriyso's Magic Scroll Emporium.
  8446 | D:9      | Reached ***** piety under Trog
  8490 | D:9      | Found a staircase to the Lair.
  8507 | D:9      | Noticed Erolcha
  8509 | D:9      | Cast into level 1 of the Abyss (Erolcha)
  8517 | D:9      | Escaped the Abyss
  8537 | D:9      | Killed Erolcha
  8538 | D:9      | Reached XP level 10. HP: 90/90 MP: 9/9
  9209 | D:10     | Entered Level 10 of the Dungeon
  9295 | D:10     | Found a flagged portal.
  9302 | Bailey   | Entered a bailey
  9833 | Bailey   | Reached skill level 1 in Crossbows
  9979 | Bailey   | Noticed an orc knight
  9979 | Bailey   | Noticed an orc knight
  9987 | Bailey   | Killed an orc knight
  9987 | Bailey   | Killed an orc knight
 10254 | D:10     | Found a shimmering altar of Xom.
 10605 | D:11     | Found a staircase to the Orcish Mines.
 10617 | D:11     | Reached XP level 11. HP: 99/99 MP: 10/10
 10747 | D:11     | Noticed a two-headed ogre
 10754 | D:11     | Killed a two-headed ogre
 10755 | D:11     | Reached skill level 10 in Fighting
 10755 | D:11     | Reached skill level 10 in Axes
 10859 | D:11     | Found a shadowy altar of Dithmenos.
 10916 | D:11     | Noticed a boulder beetle
 10927 | D:11     | Killed a boulder beetle
 10988 | D:11     | Reached skill level 10 in Armour
 11020 | D:11     | Received a gift from Trog
 11458 | D:11     | Noticed Snorg
 11465 | D:11     | Killed Snorg
 11466 | D:11     | Reached skill level 5 in Crossbows
 11966 | D:12     | Noticed Nergalle
 11967 | D:12     | Noticed a spectral orc warlord
 11978 | D:12     | Killed Nergalle
 12180 | D:12     | Noticed Jorgrun
 12192 | D:12     | Killed Jorgrun
 12193 | D:12     | Reached XP level 12. HP: 110/110 MP: 11/11
 12339 | D:12     | Noticed Kirke
 12348 | D:12     | Reached skill level 10 in Dodging
 12351 | D:12     | Killed Kirke
 12927 | D:12     | Noticed a six-headed hydra
 12938 | D:12     | Killed a nine-headed hydra
 13379 | D:13     | Noticed a boulder beetle
 13390 | D:13     | Reached skill level 10 in Shields
 13396 | D:13     | Noticed a boulder beetle
 13402 | D:13     | Killed a boulder beetle
 13406 | D:13     | Killed a boulder beetle
 13451 | D:13     | Noticed Rupert
 13455 | D:13     | Noticed Frances
 13467 | D:13     | HP: 6/168 [orc knight (5)]
 13467 | D:13     | Demolished by Frances

Illustrated notes

Levels and vault maps discovered:
D:1:      mrwooster_arrival_statue_2, layout_rooms,
          hellmonk_ecumenical_altar_pennies_from_heaven,
          minmay_misc_feat_secret_circle, minmay_misc_feat_ornament,
          chequers_serial_rivers_micro_c, minmay_lizard_king
D:2:      layout_loops_ring, basic_altar, dk_vineyard_3, uniq_sigmund,
          uniq_natasha
D:3:      layout_rooms, nemelex_spade_bored_becter,
          nicolae_overflow_crystal_walls, pdpol_wu_jian_five_deadly_venoms,
          slow_altar_1, kiku_gazebo_garden_becter, st_stairs_1
D:4:      layout_gridville, minmay_curled_crystal
D:5:      layout_rooms, led_sif_book, yredelemnul_altar_generic
D:6:      layout_basic, tgw_trog, minmay_temple_entry_ruins, serial_shops,
          nicolae_lakefront_shop, minmay_misc_feat_five, minivault_1
D:7:      layout_loops_cross, vehumet_crystals
D:8:      layout_rooms, grunt_temple_overflow_forces_of_nature, serial_shops,
          nicolae_lakefront_shop, nicolae_shop_statue_plus,
          nicolae_shop_crystal, shop, uniq_grum
D:9:      layout_gridville, lair_entry_dummy, minivault_10,
          minmay_misc_feat_chi, uniq_erolcha
D:10:     layout_roguey, led_xom_imps, serial_curves, eino_curves_02,
          eino_curves_04, enter_bailey_2
D:11:     layout_roguey [special_room_orc], zombieorc2_lemuel,
          nicolae_dithmenos_shadow_blocks, uniq_snorg
D:12:     layout_basic, uniq_jorgrun, uniq_nergalle, uniq_kirke
D:13:     layout_rooms, david_vaults_3, uniq_frances
Temple:   zaba_magenta_temple

Skill      XL: |  1  2  3  4  5  6  7  8  9 10 11 12 |
---------------+-------------------------------------+-----
Axes           | 4 5 6 7 8 9 11 | 11.7
Fighting       | 4 5 6 7 8 9 11 | 11.8
Armour         | 3 4 5 7 8 9 10 11 | 11.4
Dodging        | 3 4 5 6 7 8 9 10 | 10.5
Shields        | 2 4 6 7 9 10 | 10.2
Crossbows      | 3 5 6 |  6.7

Action                   |  1- 3 |  4- 6 |  7- 9 | 10-12 || total
-------------------------+-------+-------+-------+-------++-------
Melee: Hand axe          |    75 |   132 |   178 |       ||   385
       Headbutt          |     9 |    20 |    62 |    64 ||   155
       Punch             |       |     5 |       |       ||     5
       War axe           |       |       |    81 |       ||    81
       Scythe            |       |       |    11 |       ||    11
       Battleaxe         |       |       |    50 |   323 ||   373
Throw: Dart              |       |       |    16 |    24 ||    40
Invok: Berserk           |     1 |     2 |     8 |    16 ||    27
       Trog's Hand       |       |       |       |     1 ||     1
       Brothers in Arms  |       |       |       |     1 ||     1
  Use: Scroll            |       |       |       |     8 ||     8
 Stab: Sleeping          |     1 |       |       |       ||     1
Armor: Animal skin       |    12 |       |       |       ||    12
       Scale mail        |     3 |    35 |   101 |   136 ||   275
Dodge: Dodged            |    47 |    67 |   108 |   195 ||   417
Block: Other             |       |     2 |    11 |    89 ||   102
       Kite shield       |       |       |   148 |       ||   148
       Reflection        |       |       |     1 |    15 ||    16
